[Event "Fall GM-B Norm Invitational 2022"]
[Site "Charlotte"]
[Date "2022.11.20"]
[Round "6"]
[White "Cruz, Cristhian"]
[Black "Korley, Kassa"]
[Result "1/2-1/2"]
[ECO "D45"]
[WhiteElo "2552"]
[BlackElo "2451"]
[Annotator "TA"]
[PlyCount "42"]
[EventDate "2022.11.18"]
[EventType "tourn"]
[EventCountry "USA"]
[SourceTitle "playchess.com"]
[Source "ChessBase"]
[SourceQuality "1"]
[TimeControl "5400+30"]

1. d4 d5 2. c4 c6 3. Nc3 Nf6 4. e3 e6 5. Nf3 Nbd7 6. Qc2 Bd6 7. e4 Nxe4 8. Nxe4 dxe4 9. Qxe4 Bb4+ 10. Bd2 Bxd2+ 11. Nxd2 c5 12. dxc5 {[%emt 0:02:20] D45: Semi-Slav: 5 e3.} Qc7 13. Be2 Nxc5 14. Qe3 a5 15. O-O {[%emt 0:04:45] [#] Not much happened in this game.  Weighted Error Value: White=0.06 (flawless) /Black=0.10 (very precise)} {Predecessor:} O-O $146 16. Nb3 b6 17. Bf3 Rb8 18. Nd4 Bd7 19. Rfe1 Rfe8 20. Nb5 Bxb5 21. cxb5 Red8 {½-½ (65) Martinovic,S (2362)-Jankovic,A (2548) Zadar 2007} 1/2-1/2

[Event "Fall GM-B Norm Invitational 2022"]
[Site "Charlotte"]
[Date "2022.11.20"]
[Round "6"]
[White "Beradze, Irakli"]
[Black "Hilby, Craig"]
[Result "1/2-1/2"]
[ECO "A05"]
[WhiteElo "2494"]
[BlackElo "2411"]
[Annotator "TA"]
[PlyCount "44"]
[EventDate "2022.11.18"]
[EventType "tourn"]
[EventCountry "USA"]
[SourceTitle "playchess.com"]
[Source "ChessBase"]
[SourceQuality "1"]
[TimeControl "5400+30"]

1. Nf3 Nf6 2. g3 d5 3. Bg2 e6 4. O-O c5 5. c4 Nc6 6. d4 Be7 7. cxd5 exd5 8. b3 O-O 9. Bb2 Ne4 10. dxc5 Bxc5 11. Nc3 Nxc3 {[%emt 0:04:27] 11...Be6 is not played anymore.} 12. Bxc3 d4 13. Bb2 Bf5 {[%emt 0:02:11] Prevents b4. D30: Queen's Gambit Declined: Systems without Nc3.} 14. Qc1 Qe7 15. Qf4 Be4 16. Rfd1 (16. Nxd4 {seems wilder.} Bxd4 17. Bxd4 Bxg2 18. Kxg2 Qxe2 19. Rfe1) 16... Rad8 17. Rac1 (17. Nxd4 {is more complex.} Bxd4 18. Bxd4 Nxd4 19. Qxe4 Nxe2+ 20. Kf1) 17... Rfe8 18. Bf1 h6 {[%emt 0:06:06] Inhibits Qg5.} 19. Qh4 {[%emt 0:04:59] [#]} d3 $146 ({Predecessor:} 19... Qxh4 20. Nxh4 Bb6 21. Ng2 Nb4 22. Rc4 Nxa2 23. Bxd4 Nc3 24. Rxc3 Bxd4 25. Rcc1 Bb2 26. Rxd8 Rxd8 {½-½ (61) Hauchard,A (2450)-Salaun,Y (2370) France 1993}) 20. Qxe7 {[%emt 0:02:43] The position is equal.} Bxe7 21. Nd2 dxe2 22. Bxe2 Bd3 {[%emt 0:08:07] Weighted Error Value: White=0.08 (flawless) /Black=0.09 (flawless)} 1/2-1/2

[Event "Fall GM-B Norm Invitational 2022"]
[Site "Charlotte"]
[Date "2022.11.20"]
[Round "6"]
[White "Paragua, Mark"]
[Black "Ngo, Bach"]
[Result "1/2-1/2"]
[ECO "D37"]
[WhiteElo "2466"]
[BlackElo "2275"]
[Annotator "TA"]
[PlyCount "114"]
[EventDate "2022.11.18"]
[EventType "tourn"]
[EventCountry "USA"]
[SourceTitle "playchess.com"]
[Source "ChessBase"]
[SourceQuality "1"]
[TimeControl "5400+30"]

1. d4 Nf6 2. c4 e6 3. Nf3 d5 4. Nc3 dxc4 5. e4 Bb4 6. Bxc4 {[%emt 0:00:33] D24: Queen's Gambit Accepted: 3 Nf3 Nf6 4 Nc3.} Nxe4 7. O-O Nxc3 8. bxc3 {[%emt 0:00:04] The position is equal.} (8. Qb3 Nd5 9. Bxd5 Qxd5 $17) 8... Be7 9. Ne5 O-O 10. Qg4 {[%emt 0:00:12][%mdl 1024] White has compensation.} Nc6 11. Bh6 Bf6 12. Rfe1 Ne7 13. Rad1 Ng6 14. Bc1 {[%emt 0:04:55] [#]} Bxe5 $146 (14... c5 $5) ({Predecessor:} 14... c5 15. Qh5 Bxe5 16. dxe5 Qh4 17. Qxh4 Nxh4 18. Bg5 Ng6 19. h4 h6 20. h5 Nxe5 21. Rxe5 hxg5 22. Rxc5 {½-½ (36) Eljanov,P (2716)-Jakovenko,D (2760) Jermuk 2009}) 15. dxe5 Qh4 16. Qe2 c5 17. g3 Qh3 18. Qe4 ({White should play} 18. Bd3 $14) 18... Rb8 $11 19. Bf1 Qf5 (19... Qh5 $142) 20. Qe2 $1 {[%emt 0:01:12] White wants to play g4.} f6 (20... Ne7 $1 $11 {deserves consideration.}) 21. exf6 $14 Qxf6 22. h4 b6 23. Bg2 (23. h5 $5 Ne7 24. Bg2 $14) 23... Bb7 {[%emt 0:04:45] [#]} (23... e5 $1 $11) 24. h5 $1 $16 (24. Qxe6+ $6 Qxe6 25. Rxe6 Bxg2 26. Kxg2 Rbe8 $11) 24... Bxg2 25. Kxg2 Ne7 (25... Ne5 $2 26. Bf4 Nc6 27. Bxb8 Nxb8 28. Qxe6+ Qf7 29. Re3 Qxe6 30. Rxe6 $18) 26. Qxe6+ Qxe6 27. Rxe6 Kf7 {[%emt 0:02:04] [#]} 28. Red6 Rb7 29. h6 gxh6 30. Bxh6 Rc8 ({Better is} 30... Rg8) 31. Bg5 b5 32. f4 (32. Re1 $142) 32... b4 33. c4 a5 34. Ra6 ({White should try} 34. Kf3 $16) 34... Rc6 $1 $14 35. Rxa5 {[%emt 0:01:22] And now Bxe7 would win.} Nf5 $1 36. Kf2 {[%emt 0:01:36] Inhibits Ne3. Threatens to win with Rh1.} Nd6 (36... b3 $1 $11 37. axb3 Rxb3) 37. Ra8 (37. Rh1 $16) 37... Nxc4 38. Rh1 Kg7 39. f5 $1 Nd6 (39... Ne5 $14) 40. f6+ (40. Bh6+ $142 Kf6 41. g4) 40... Kg6 $16 41. Rg8+ Kf5 42. Kf3 Nf7 43. g4+ Ke5 44. Bf4+ ({Don't play} 44. Rxh7 b3 45. Bf4+ Kd5 46. Rh5+ Kd4 47. Be3+ Kd3 48. axb3 (48. Rd5+ $2 Kc4 $19) 48... Rxf6+ 49. Rf5 Ne5+ 50. Kf4 Nxg4 51. Rd8+ (51. Kxg4 Rxf5 52. Kxf5 Kxe3 $11) (51. Rxg4 Rxf5+ 52. Kxf5 Kxe3 $11) (51. Bxc5 $2 Rxf5+ 52. Kxf5 Nh6+ 53. Ke5 Nxg8 $19) 51... Kc3 52. Kxg4 Rxf5 53. Kxf5 Kxb3 $11) (44. Bh4 $1 $14) 44... Kxf6 $11 45. Rxh7 {[%emt 0:00:07] aiming for g5+.} b3 $132 {[%emt 0:00:13][%mdl 2048] Black is not holding back} 46. axb3 {[%emt 0:00:52] g5+ is the strong threat.} Rxb3+ (46... Ra6 $11) 47. Ke4 $1 $14 {[%emt 0:02:30] White is slightly better.} Rb4+ 48. Kd5 $1 Rxf4 49. Kxc6 {[%emt 0:00:59][%mdl 4096] Endgame KRR-KRN. Active counter play!} Ne5+ 50. Kxc5 {[%emt 0:00:24] Strongly threatening g5+.} Rxg4 51. Rf8+ Kg6 52. Re7 Nd3+ 53. Kd5 {[%emt 0:00:20] Black must now prevent Rg8+.} Nf4+ 54. Kd6 {[%emt 0:00:02] White wants to mate with Rg8+.} Kg5 55. Ref7 {[%emt 0:01:11] White threatens Rf5+ and mate.} Ng6 56. Rf5+ Kh6 57. Rg8 Ra4 {[%emt 0:00:28] Weighted Error Value: White=0.13 (very precise) /Black=0.15 (very precise)} 1/2-1/2

[Event "Fall GM-B Norm Invitational 2022"]
[Site "Charlotte"]
[Date "2022.11.20"]
[Round "6"]
[White "Ozenir, Ekin Baris"]
[Black "Williams, Justus"]
[Result "1-0"]
[ECO "E91"]
[WhiteElo "2352"]
[BlackElo "2395"]
[Annotator "TA"]
[PlyCount "59"]
[EventDate "2022.11.18"]
[EventType "tourn"]
[EventCountry "USA"]
[SourceTitle "playchess.com"]
[Source "ChessBase"]
[SourceQuality "1"]
[TimeControl "5400+30"]

1. Nf3 d6 2. d4 Nf6 3. c4 g6 4. Nc3 Bg7 5. e4 O-O 6. Be2 Na6 7. Be3 c6 {[%emt 0:01:47][%cal Oe7e5] E91: King's Indian: Classical: 6 Be2, unusual replies including 6...c5 and 6...Bg4.} 8. a3 e5 9. d5 c5 (9... cxd5 $14 10. cxd5 Ng4) 10. Nd2 $16 {[%emt 0:00:16] [#]} h5 $146 ({Predecessor:} 10... Ne8 11. g4 Bf6 12. Nf1 Bg5 13. Qd2 Bxe3 14. Qxe3 Ng7 15. Rg1 Bd7 16. Qh6 Qe7 {½-½ (33) Arshaev,A (2152)-Kryakvin,D (2529) Minsk 2015}) 11. h3 {[%emt 0:01:18][%cal Bh2h3,Bh3g4][%mdl 32] Prevents Ng4.} Nh7 12. g4 hxg4 (12... h4 $16) 13. hxg4 $18 Bf6 14. Qc1 Bd7 15. Rg1 {[%emt 0:05:18] White is more active.} Ng5 16. Nf3 Nh3 {[%emt 0:04:11] Loses the game.} (16... Nxf3+ $16 {was necessary.} 17. Bxf3 Bg7) 17. Rg3 Nf4 18. Bxf4 exf4 19. Qxf4 Re8 20. Kf1 (20. Qxd6 Bxc3+ 21. bxc3 Rxe4 $16) 20... Qe7 21. Bd3 ({White should play} 21. Kg2 $18) 21... Rab8 (21... Kg7 $16 22. g5 (22. Rh3 Rh8 $16) 22... Be5 23. Nxe5 dxe5) 22. Kg2 {[%emt 0:07:16] And now Rh3 would win.} b5 23. Rh1 {[%emt 0:09:10] Black must now prevent Rgh3.} ({Much less strong is} 23. cxb5 $6 c4 $18) 23... bxc4 $2 {[%emt 0:01:33] [#]} (23... Bg7 24. cxb5 (24. Nxb5 Bxb5 25. cxb5 c4 $18) 24... c4) 24. Rgh3 $1 {[%emt 0:13:05][%cal Of4h2] Threatens to win with Qh2!} Rxb2 {[%emt 0:11:09] [#]} (24... Bxg4 25. Qxg4) 25. Qh2 $1 Rxf2+ (25... Qe5 26. Nxe5) 26. Kxf2 Bd4+ 27. Kg2 Qf6 28. e5 Bxe5 29. Ne4 (29. Nxe5 $142 Qxe5 30. Rh8+ Kg7 31. Qh7+ Kf6 32. Rf1+ Bf5 33. Rxf5+ Qxf5 34. gxf5) 29... Qxf3+ 30. Kxf3 {[%emt 0:00:31] Weighted Error Value: White=0.11 (very precise) /Black=0.82} 1-0

[Event "Fall GM-B Norm Invitational 2022"]
[Site "Charlotte"]
[Date "2022.11.21"]
[Round "7"]
[White "Korley, Kassa"]
[Black "Beradze, Irakli"]
[Result "0-1"]
[ECO "A07"]
[WhiteElo "2451"]
[BlackElo "2494"]
[Annotator "TA"]
[PlyCount "110"]
[EventDate "2022.11.18"]
[EventType "tourn"]
[EventCountry "USA"]
[SourceTitle "playchess.com"]
[Source "ChessBase"]
[SourceQuality "1"]
[TimeControl "5400+30"]

1. Nf3 d5 2. g3 c6 3. Bg2 Bf5 4. O-O e6 5. d3 h6 6. c4 Nf6 7. cxd5 cxd5 8. Qb3 Qb6 9. Qxb6 axb6 10. Nc3 Nc6 11. Nb5 Kd7 12. Bd2 {[%emt 0:05:17] A11: English Opening: 1...c6.} Bc5 13. a3 {[%emt 0:05:14] [#]} Bg4 $146 ({Predecessor:} 13... Rhc8 14. Rac1 Bg4 15. Bc3 Bxf3 16. Bxf3 Na7 17. Nxa7 Rxa7 18. e4 d4 {1-0 (56) Jakovenko,D (2732)-Zhao,Y (2383) China 2018}) 14. b4 {[%emt 0:05:05] White is slightly better.} Bxf3 15. Bxf3 Bd4 16. Ra2 Be5 17. Rc1 Na7 18. Nxa7 Rxa7 19. Be3 Rha8 20. Bxb6 Rxa3 21. Rac2 Rb3 22. Bc5 (22. d4 $5 Bd6 23. Bc5 $11) 22... Bb2 23. Rb1 Ra1 24. Rxa1 Bxa1 25. Ra2 Bc3 26. Ra7 Kc6 27. Ra8 Bxb4 28. Bd4 Kd7 (28... Be7 $1 $17) 29. Bxf6 $11 gxf6 {[%emt 0:00:01][%mdl 4096] Endgame KRB-KRB} 30. Bh5 Rb2 31. Rh8 (31. Kg2 $11 {remains equal.}) 31... b5 $17 32. Rxh6 {[%emt 0:05:10] [#] White does not recover from this.} (32. Bxf7 $17 Bc3 33. Be8+ Ke7 34. Bxb5) 32... Be7 $1 $19 33. Rh8 b4 34. Ra8 Bd6 35. Ra1 {[%emt 0:04:35] [#] Against Rb1+} (35. Ra7+ $17 Kc6 36. Ra6+ Kc7 37. Ra1) 35... b3 $1 {[%emt 0:05:40] aiming for ...Rc2.} 36. e3 d4 37. exd4 Rd2 38. Rb1 b2 ({Inferior is} 38... Rxd3 39. Be2 Rd2 40. Bb5+ Ke7 41. Rxb3 $11) 39. Bd1 Bb4 40. Bb3 Bc3 41. d5 Bd4 42. dxe6+ fxe6 43. Ba2 $2 (43. Kg2) 43... Rxf2 {[%emt 0:00:38] Black is clearly winning.} 44. Rf1 Rc2+ 45. Kh1 f5 {[%emt 0:00:48] ...Kd6 is the strong threat.} 46. Bb1 Re2 47. Ba2 Ke7 48. Bb1 Kf6 49. g4 Kg5 50. gxf5 exf5 51. Ba2 f4 52. Bd5 f3 53. Bxf3 Rf2 54. Rg1+ Kf4 55. Bg2 {[%emt 0:00:51] [#]} Rxg2 $1 {[%emt 0:00:05][%mdl 512] Weighted Error Value: White=0.47/Black=0.06 (flawless)} 0-1

[Event "Fall GM-B Norm Invitational 2022"]
[Site "Charlotte"]
[Date "2022.11.21"]
[Round "7"]
[White "Woodward, Andy"]
[Black "Cruz, Cristhian"]
[Result "0-1"]
[ECO "E04"]
[WhiteElo "2447"]
[BlackElo "2552"]
[Annotator "TA"]
[PlyCount "98"]
[EventDate "2022.11.18"]
[EventType "tourn"]
[EventCountry "USA"]
[SourceTitle "playchess.com"]
[Source "ChessBase"]
[SourceQuality "1"]
[TimeControl "5400+30"]

1. d4 e6 2. c4 d5 3. Nf3 Nf6 4. g3 dxc4 5. Bg2 c5 6. O-O Nc6 7. dxc5 Qxd1 8. Rxd1 Bxc5 9. Nbd2 c3 10. bxc3 O-O 11. Nb3 Be7 12. c4 Bd7 13. Bb2 {[%emt 0:01:32] E04: Open Catalan: 5 Nf3.} Rfd8 {[%emt 0:00:38] 13...Rfc8 injects fresh life into this line.} 14. Nfd4 Rac8 15. Nb5 {[%emt 0:00:35] The position is equal.} b6 16. Rac1 a5 17. a4 (17. c5 {is interesting.} bxc5 18. Nd6 Rb8 19. Bxf6 gxf6 20. Nxc5 Bc8 21. Bxc6 Rxd6 22. Rxd6 Bxd6 23. a4) 17... Be8 18. Rxd8 Nxd8 {[%emt 0:08:53] [#]} (18... Rxd8 $11 19. Nc7 Bd7) 19. Bf3 $146 (19. Be5 $16 {And now Na7 would win.} Bxb5 20. cxb5 Rxc1+ 21. Nxc1) ({Predecessor:} 19. Na7) 19... Nd7 20. Na7 Rc7 21. Nb5 Rc8 22. e3 (22. Na7 $5 Rc7 23. Nb5 Rc8 $11) 22... Kf8 23. h4 Nc6 24. h5 h6 25. Be2 Nc5 26. Nxc5 Bxc5 27. Rd1 Rd8 28. Rxd8 Nxd8 29. Kg2 f6 30. Bf3 Ke7 31. g4 Nf7 32. Kf1 Nd6 33. Be2 Nxb5 (33... Bd7 $15) 34. cxb5 $15 {[%emt 0:00:35][%mdl 4096] Endgame KBB-KBB} e5 35. Ke1 Bf7 36. Bc3 (36. Kd2 $11) 36... Kd6 {[%emt 0:02:20] White must now prevent ...Bb3.} 37. Bd1 {[%emt 0:00:44] Inhibits Bb3.} Bb4 38. Bxb4+ axb4 {[%emt 0:00:03] KB-KB} 39. Kd2 Kc5 {[%emt 0:00:53] Threatens to win with ...Kc4.} 40. f3 $2 {[%emt 0:01:26][%mdl 8192] Loses the game.} (40. e4 $15) 40... Be6 (40... f5 $142 {aiming for ...f4.} 41. Kc2 f4) 41. f4 $2 (41. Kc2) 41... exf4 $19 {[%emt 0:00:48] Black is clearly winning.} 42. exf4 Kc4 $1 {[%emt 0:02:07] Strongly threatening ...b3.} 43. Be2+ {[%emt 0:08:59] [#]} Kb3 $1 44. a5 bxa5 {[%emt 0:00:04][%cal Bb6a5,Ba5a4][%mdl 32] ...a4 is the strong threat.} 45. b6 Bc8 46. Bf3 a4 47. Kc1 Ka2 ({Stronger than} 47... a3 48. Bd5+ Ka4 49. b7 Bxb7 50. Bxb7 $11) 48. Bc6 b3 {[%emt 0:00:25] ( -> ...b2+)} 49. Bd5 {[%emt 0:00:07] [#]} Ka1 {[%emt 0:00:10] Weighted Error Value: White=0.90/Black=0.15 (very precise)} (49... Bb7 $142 $1 50. Bxb7 (50. Bc4 Ka1) 50... b2+ 51. Kd2 b1=Q 52. Bd5+ Kb2) 0-1

[Event "Fall GM-B Norm Invitational 2022"]
[Site "Charlotte"]
[Date "2022.11.21"]
[Round "7"]
[White "Hilby, Craig"]
[Black "Paragua, Mark"]
[Result "0-1"]
[ECO "B90"]
[WhiteElo "2411"]
[BlackElo "2466"]
[Annotator "TA"]
[PlyCount "100"]
[EventDate "2022.11.18"]
[EventType "tourn"]
[EventCountry "USA"]
[SourceTitle "playchess.com"]
[Source "ChessBase"]
[SourceQuality "1"]
[TimeControl "5400+30"]

1. e4 c5 2. Nf3 d6 3. d4 cxd4 4. Nxd4 Nf6 5. Nc3 a6 6. a4 g6 7. Be2 Bg7 8. Be3 O-O 9. O-O Nc6 10. Nxc6 bxc6 11. a5 Nd7 {[%emt 0:02:33] B90: Sicilian Najdorf: Unusual White 6th moves, 6 Be3 Ng4 and 6 Be3 e5.} 12. Qd2 Rb8 13. b3 c5 {[%emt 0:06:42] White is slightly better.} 14. Bh6 {[%emt 0:01:33] [#]} Bb7 $146 ({Predecessor:} 14... Rb4 15. Bxg7 Kxg7 16. Ra4 Rxa4 17. Nxa4 Bb7 18. Ra1 Bxe4 19. Bxa6 Bxg2 20. Bb5 Ba8 21. Bxd7 Qxd7 {1-0 (48) Rudolph,P (2230)-Wenner,F Hessen 1998}) 15. Bxg7 (15. Rfd1 {looks sharper.} Ne5 16. Bxg7 Kxg7 17. Nd5) 15... Kxg7 16. f4 Nf6 17. Qe3 d5 18. exd5 (18. Qxc5 $6 Rc8 19. Qb4 dxe4 $11) 18... Nxd5 19. Nxd5 (19. Qxc5 $2 Rc8 20. Qa7 (20. Qd4+ $2 e5 $19) 20... Nxc3 $19) 19... Qxd5 20. Qe5+ Qxe5 21. fxe5 Be4 (21... Ra8 $14) 22. Ra2 ({White should try} 22. Bxa6 $16 {aiming for Ra2.} Bxc2 23. Rfc1 Bxb3 24. Rxc5) 22... Bb7 23. Rd1 Rfd8 {[%emt 0:04:00] Inhibits Rd7.} 24. Raa1 f6 25. exf6+ Kxf6 26. Bc4 e5 ({Better is} 26... Kg5) 27. Rf1+ $16 Kg5 28. Rae1 e4 29. Rf7 h5 30. Rc7 h4 (30... Rd2 $16) 31. Rxc5+ $18 Kf4 32. Kf2 (32. Rc7 $16) 32... Rd2+ $11 33. Be2 {[%emt 0:00:04] Intending g3+ and mate.} (33. Re2 $5 e3+ 34. Ke1 $14) 33... e3+ 34. Kg1 {[%emt 0:00:08] Black must now prevent Rf1+.} Rc8 $1 35. Rf1+ Ke4 36. Bd3+ (36. Rxc8 $11 {and White stays safe.} Bxc8 37. Bd3+ Ke5 38. Rf3 (38. Bxg6 $2 Bb7 $19) 38... Rd1+ 39. Rf1) 36... Kd4 $19 {[%emt 0:00:40][%mdl 1024] Black has strong compensation.} 37. Rg5 Be4 $2 {[%emt 0:07:01] Black is more active.} (37... h3 $1 $17 {...e2 is the strong threat.} 38. Rxg6 Rxg2+ 39. Rxg2 Bxg2 40. Bxa6 (40. Rf6 $2 Re8 $19) 40... Rxc2 41. Rd1+ Ke5) 38. Rg4 Re8 39. Rff4 (39. Bxa6 e2 40. Re1 Ke3 41. Rxe2+ (41. Rxh4 $2 Rd1 $19) 41... Rxe2 42. Bxe2 Kxe2 $15) (39. Ra1 $11 Rxd3 40. cxd3 Kxd3 41. Rxh4) 39... Rd1+ $15 40. Rf1 Rxd3 41. cxd3 Kxd3 {[%emt 0:00:03][%mdl 4096] Endgame Hoping for ...e2. KRR-KRB} 42. Rd1+ $1 ({Don't go for} 42. Rxh4 $2 e2 43. Ra1 Kd2 $19) 42... Kc3 {[%emt 0:00:39] Strongly threatening ...e2.} (42... Kc2 $5 43. Ra1 $8 Bd3 $11) 43. Rf4 (43. Rxh4 $2 e2 44. Rh3+ Kc2 $19) 43... Bc2 44. Ra1 {[%emt 0:00:02][%mdl 8192] [#]} (44. Rc1 $11) 44... Kd2 $1 $19 45. Rd4+ {[%emt 0:00:46] [#]} ({Don't play} 45. Rxh4 e2 46. Rd4+ Bd3 $19) 45... Bd3 $1 46. Ra2+ (46. g3 $142) 46... Kc3 47. Rxd3+ (47. Rxh4 $19 e2 48. Ra1) 47... Kxd3 {[%emt 0:00:02] Black mates.} 48. Kf1 Rc8 49. Ra1 e2+ 50. Ke1 Rf8 {[%emt 0:00:04] A wild game.  Weighted Error Value: White=0.54/Black=0.16 (very precise)} 0-1

[Event "Fall GM-B Norm Invitational 2022"]
[Site "Charlotte"]
[Date "2022.11.21"]
[Round "7"]
[White "Williams, Justus"]
[Black "Kantor, Gergely"]
[Result "1-0"]
[ECO "A07"]
[WhiteElo "2395"]
[BlackElo "2561"]
[Annotator "TA"]
[PlyCount "137"]
[EventDate "2022.11.18"]
[EventType "tourn"]
[EventCountry "USA"]
[SourceTitle "playchess.com"]
[Source "ChessBase"]
[SourceQuality "1"]
[TimeControl "5400+30"]

1. Nf3 d5 2. g3 g6 3. Bg2 Bg7 4. O-O e5 5. d3 Ne7 6. c4 c6 7. e4 {[%emt 0:01:13] A07: Réti Opening: New York and Capablanca Systems.} O-O 8. Nc3 {[%emt 0:06:11] 8.b4 injects fresh life into this line.} d4 9. Ne2 {[%emt 0:01:10] Black is slightly better.} f5 {[%emt 0:22:13] [#]} 10. c5 $146 ({Predecessor:} 10. Ne1 fxe4 11. dxe4 a5 12. b3 Na6 13. Nd3 Nb4 14. Ba3 Nxd3 15. Qxd3 b6 16. c5 {0-1 (36) Marsalek,Z (2249)-Kislinsky,A (2487) Stare Mesto 2014}) 10... Kh8 11. Bg5 fxe4 12. dxe4 Na6 13. Rc1 (13. b4 $15) 13... Bg4 ({Black should try} 13... h6 $1 $17 14. Bxh6 Bxh6 15. Nxe5 Bg7) 14. Qd3 h6 (14... Nb4 $5 15. Qc4 Na6 $17) 15. Bd2 Nc7 16. Ba5 Rb8 17. h3 (17. Ne1 $11) 17... Bc8 $36 {[%emt 0:03:02][%mdl 2048] Black has good play.} 18. Bb4 Na6 19. Be1 (19. Ba3 $15) 19... b6 $17 20. cxb6 (20. b4 $142) 20... axb6 21. b4 Nc7 22. Nd2 Ba6 23. Nc4 Nc8 $1 24. a4 (24. Qd2 $17 {was worth a try.}) 24... Nd6 $1 $19 25. b5 cxb5 26. Nxd6 Qxd6 27. Qb1 Qd7 (27... bxa4 $19 28. Bb4 Qd7 29. Bxf8 Bxf8) 28. Bb4 (28. axb5 $17 Qxb5 29. Qxb5 Nxb5 30. Bb4) 28... Rfc8 29. Rfd1 (29. axb5 $142 Bxb5 30. Rfe1) 29... bxa4 30. Nc3 Bc4 {[%emt 0:01:52] Strongly threatening ...Bb3.} 31. Nxa4 Na6 32. Nb2 Bb3 (32... Nxb4 33. Nxc4 Qe7 34. Bf1 $17) 33. Rd3 Bc2 ({Stronger than} 33... Nxb4 34. Rxb3 Rxc1+ 35. Qxc1 $17) 34. Rxc2 Rxc2 ({Weaker is} 34... Nxb4 35. Rxc8+ Qxc8 36. Rb3 $17) 35. Bd2 (35. Qxc2 Nxb4 36. Qd1) 35... Rbc8 {[%emt 0:00:34] aiming for ...Qb5.} 36. Bf1 Qc6 37. Rb3 Rxd2 38. Nc4 {[%emt 0:00:02] [#]} Qxc4 $2 39. Bxc4 $11 Rxc4 40. Rxb6 Rdc2 {[%emt 0:00:50] [#]} 41. Qb5 $1 $16 Nc7 {[%emt 0:00:19][%mdl 8192] Inhibits Qe8+. Black cannot hold the game after this.} (41... Rc1+ $2 42. Kg2 Rc8 43. Qxa6 $18) (41... Rc8 $16 {is a better chance.} 42. Qxa6 (42. Rxa6 Rf8 $16) 42... Rf8) 42. Qd7 $18 Kh7 (42... Ne6 $142) 43. Qd6 Na8 44. Qxg6+ Kh8 {[%emt 0:00:02] White is clearly winning.} 45. Re6 (45. Qe8+ $142 Kh7 46. Rb8 (46. Qxa8 d3 $11)) 45... Rc8 46. Re8+ Rxe8 47. Qxe8+ Kh7 {[%emt 0:00:04][%cal Od4d3] Hoping for ...d3!} 48. Qxa8 {[%emt 0:00:05][%mdl 4096] Endgame KQ-KRB} d3 49. Qd5 d2 {[%emt 0:00:27] White must now prevent ...Rc1+.} 50. Kg2 h5 51. Qd7 Kg8 (51... h4 $142 52. Kf3 Kg8 53. Qe8+ Kh7) 52. Qd3 Ra2 53. Qd8+ Kf7 54. Qd7+ Kf8 55. Qd6+ Kf7 56. Kf3 Bh6 57. Ke2 Ra1 58. Qd7+ Kg8 59. Qe6+ Kh7 60. Qf5+ Kg8 61. Qg6+ Bg7 62. Kxd2 Ra2+ 63. Ke1 {[%emt 0:00:09] Qe6+ is the strong threat.} Ra1+ 64. Ke2 Ra2+ 65. Kf1 Ra1+ 66. Kg2 h4 67. Qe8+ Kh7 68. Qh5+ Kg8 69. Qxh4 {[%emt 0:00:04] Weighted Error Value: White=0.48/Black=0.58} 1-0

[Event "Fall GM-B Norm Invitational 2022"]
[Site "Charlotte"]
[Date "2022.11.21"]
[Round "7"]
[White "Ngo, Bach"]
[Black "Ozenir, Ekin Baris"]
[Result "0-1"]
[ECO "E11"]
[WhiteElo "2275"]
[BlackElo "2352"]
[Annotator "TA"]
[PlyCount "68"]
[EventDate "2022.11.18"]
[EventType "tourn"]
[EventCountry "USA"]
[SourceTitle "playchess.com"]
[Source "ChessBase"]
[SourceQuality "1"]
[TimeControl "5400+30"]

1. d4 e6 2. c4 Nf6 3. Nf3 Bb4+ 4. Bd2 c5 5. Bxb4 cxb4 6. a3 bxa3 7. Rxa3 b6 {[%emt 0:01:22] E11: Bogo-Indian.} 8. Nc3 Bb7 {[%emt 0:02:40] Prevents e4.} 9. d5 O-O {[%emt 0:02:12] The position is equal.} 10. e3 a5 11. Be2 Na6 12. O-O {[%emt 0:01:49] [#]} d6 $146 ({Predecessor:} 12... Nc5 13. Qd4 Re8 14. Rd1 exd5 15. cxd5 Nfe4 16. Bb5 Nxc3 17. Qxc3 Re4 18. Rd4 Rc8 {1-0 (47) Socko,M (2463)-Naiditsch,A (2711) Jurmala 2015}) 13. dxe6 fxe6 14. Nd4 Nc5 15. Na4 Nfd7 16. Bf3 Qb8 17. Bxb7 Qxb7 18. Nxc5 Nxc5 19. Nb5 Rad8 20. Qd4 ({But not} 20. Nxd6 $2 Qc6 21. Ra1 Rxd6 $19) 20... Qf7 21. f3 ({Don't go for} 21. Nxd6 $2 Qe7 22. Rd1 Nb7 23. Qxb6 (23. c5 $2 bxc5 24. Qa4 Rxd6 $19) 23... Rxd6 24. Rxd6 Nxd6 $19) 21... d5 22. Rc3 (22. cxd5 $11 {remains equal.} Rxd5 23. Qc4) 22... Qg6 $17 {[%emt 0:02:25] Hoping for ...dxc4.} 23. b3 (23. Na7 $17 {was necessary.} Qe8 24. Nb5) 23... dxc4 $19 24. Qxc4 Rd2 {[%emt 0:00:08][%csl Gd2][%cal Rg6g2] [#]} 25. g3 (25. Qg4 {was the only chance.}) 25... Qh5 26. Qh4 Qxh4 27. gxh4 Rf6 28. h5 (28. Kh1 $142) 28... Rf5 {[%emt 0:00:32] [#] aiming for ...Rg5+.} 29. h4 {[%emt 0:01:09] Prevents Rg5+.} Rxh5 30. Rf2 Rxf2 31. Kxf2 Rxh4 32. Nd6 Rb4 33. Nc4 Nxb3 34. Ne5 Nc5 {[%emt 0:00:06] Weighted Error Value: White=0.36/Black=0.12 (very precise)} 0-1